 Dungeon Crawl Stone Soup version 0.22-a0-322-g60b3cfd (webtiles) character file.

1513 Kairos the Poker (level 9, 0/67 HPs)
             Began as a Human Fighter on Apr 5, 2018.
             Slain by a killer bee (2 damage)
             ... on level 5 of the Dungeon.
             The game lasted 00:10:14 (6214 turns).

Kairos the Poker (Human Fighter)                    Turns: 6214, Time: 00:10:15

Health: 0/67       AC: 11    Str: 17    XL:     9   Next: 9%
Magic:  0/9        EV:  9    Int:  8    God:
Gold:   186        SH: 10    Dex: 16    Spells: 8/8 levels left

rFire    . . .     SeeInvis .   y - +0 whip (flame)
rCold    . . .     Gourm    .   c - +0 shield
rNeg     . . .     Faith    .   b - +2 scale mail
rPois    +         Spirit   +   o - +0 helmet (curse)
rElec    .         Reflect  .   (no cloak)
rCorr    .         Harm     .   s - +0 pair of gloves
MR       .....                  (no boots)
Stlth    +.........             p - amulet of guardian spirit
HPRegen  0.21/turn              v - ring of poison resistance
MPRegen  0.11/turn              D - ring of stealth

@: lethally poisoned (0 -> -4)
A: no striking features
a: no special abilities


You were on level 5 of the Dungeon.
You were not hungry.

You visited 1 branch of the dungeon, and saw 5 of its levels.

You collected 186 gold pieces.

Inventory:

Hand Weapons
 a - a +0 flail
 d - a +2 spear of piercing
 t - a cursed +0 hunting sling
 y - a +0 whip of flaming (weapon)
 A - a +0 hand axe of flaming
Armour
 b - a +2 scale mail (worn)
 c - a +0 shield (worn)
 o - a cursed +0 helmet (worn)
 s - a +0 pair of gloves (worn)
Jewellery
 i - an uncursed ring of wizardry
 n - an uncursed ring of see invisible
 p - an amulet of guardian spirit (around neck)
 v - a ring of poison resistance (left hand)
 D - a ring of stealth (right hand)
Wands
 h - a wand of paralysis (4)
Scrolls
 k - a scroll of fear {unknown}
 l - 5 scrolls of remove curse
 r - 4 scrolls of amnesia
 w - 3 scrolls of teleportation {unknown}
 x - 2 scrolls of identify
 B - a scroll of fog {unknown}
 E - a scroll of vulnerability {unknown}
 F - a scroll of random uselessness {unknown}
 I - a scroll of magic mapping {unknown}
Potions
 e - 3 potions of heal wounds {unknown}
 g - a potion of ambrosia {unknown}
 j - 3 potions of might
 m - 3 potions of flight {unknown}
 q - a potion of invisibility {unknown}
 u - a potion of curing
 z - a potion of brilliance {unknown}
 C - 2 potions of resistance {unknown}
 G - a potion of cancellation {unknown}
Comestibles
 f - 15 rations


   Skills:
 + Level 4.8 Fighting
 + Level 3.7 Maces & Flails
 + Level 5.6 Polearms
 + Level 5.1 Armour
 + Level 3.2 Dodging
 + Level 1.0 Stealth
 + Level 5.6 Shields


You had 8 spell levels left.
You didn't know any spells.

Dungeon Overview and Level Annotations

Branches:
Dungeon (5/15)
 Temple: D:4-7

Altars:
Cheibriados
Elyvilon
Fedhas
Gozag
Uskayaw
Yredelemnul


Message History

You feel sick. The killer bee stings you.
* * * LOW HITPOINT WARNING * * *
The killer bee stings you.
* * * LOW HITPOINT WARNING * * *
You are more poisoned.
The killer bee poisons you!
You feel sick.
The killer bee stings you but does no damage.
You feel sick.
The killer bee stings you but does no damage.
The killer bee stings you.
* * * LOW HITPOINT WARNING * * *
The killer bee barely misses you.
* * * LOW HITPOINT WARNING * * *
You feel sick. You block the killer bee's attack.
* * * LOW HITPOINT WARNING * * *
You feel sick. The killer bee stings you.
* * * LOW HITPOINT WARNING * * *
The killer bee stings you.
You die...

#......# #...# #..#
#..###.# #'#########.##
#......# #†##........#
##.##..# #.##.#####..#
##.##..######y##.#####..#
#........<##y..#.##.....#
#.###.###)#......#...#.##
#. #.###.##yy.#.......#
#. #.....@yy..........#
#. #####.######.......#
#.# ###...### .<# #####
####


You could see 4 killer bees.

Vanquished Creatures
  Pikel (D:3)
  Sigmund (D:2)
  Duvessa (D:5)
  An ogre (D:4)
  Dowan (D:5)
  A killer bee (D:5)
  A howler monkey (D:4)
  2 jellies (D:2)
  2 orc priests
  2 orc wizards
  3 worker ants
  A hound zombie (D:3)
  A mummy (D:4)
  Robin (D:2)
  5 gnolls
  A howler monkey skeleton (D:5)
  7 adders
  9 oozes
  5 worms
  A dart slug (D:2)
  2 leopard geckos
  10 orcs
  5 giant cockroaches
  16 goblins
  8 hobgoblins
  8 jackals
  16 kobolds
  2 quokkas
  7 bats
  7 frilled lizards
  A leopard gecko zombie (D:5)
  7 rats
136 creatures vanquished.

Vanquished Creatures (others)
  An orc priest (D:4)
  A worm (D:4)
  An orc (D:4)
  2 fungi (D:2)
  4 toadstools (D:2)
9 creatures vanquished.

Grand Total: 145 creatures vanquished

Notes
Turn   | Place    | Note
-------+----------+-------------------------------------------
     0 | D:1      | Kairos the Human Fighter began the quest for the Orb.
     0 | D:1      | Reached XP level 1. HP: 18/18 MP: 1/1
   183 | D:1      | Reached XP level 2. HP: 8/24 MP: 2/2
   762 | D:1      | Reached XP level 3. HP: 7/29 MP: 3/3
  1285 | D:1      | Reached XP level 4. HP: 32/35 MP: 4/4
  1389 | D:2      | Noticed Sigmund
  1392 | D:2      | Noticed Robin
  2134 | D:2      | Found an opulent altar of Gozag.
  2204 | D:2      | Reached skill level 1 in Dodging
  2204 | D:2      | Reached XP level 5. HP: 35/41 MP: 5/5
  2262 | D:2      | Killed Robin
  2440 | D:2      | Killed Sigmund
  2440 | D:2      | Reached XP level 6. HP: 14/48 MP: 6/6
  2916 | D:2      | Reached XP level 7. HP: 42/53 MP: 5/7
  3787 | D:3      | Found a snail-covered altar of Cheibriados.
  4066 | D:3      | Found a white marble altar of Elyvilon.
  4118 | D:3      | Found a basalt altar of Yredelemnul.
  4178 | D:4      | Noticed Pikel
  4217 | D:3      | Killed Pikel
  4217 | D:3      | Reached skill level 5 in Polearms
  4217 | D:3      | Reached XP level 8. HP: 42/61 MP: 8/8
  4744 | D:4      | Found a hide-covered altar of Uskayaw.
  4875 | D:4      | Reached skill level 5 in Shields
  4892 | D:4      | Reached skill level 5 in Armour
  5352 | D:5      | Entered Level 5 of the Dungeon
  5737 | D:5      | Noticed Duvessa
  5737 | D:5      | Noticed Dowan
  5760 | D:5      | Killed Duvessa
  5760 | D:5      | Reached XP level 9. HP: 42/66 MP: 7/9
  5761 | D:5      | Killed Dowan
  5761 | D:5      | Reached skill level 1 in Stealth
  5888 | D:5      | Found a blossoming altar of Fedhas.
  6213 | D:5      | HP: 3/67 [poisoned by a killer bee]
  6213 | D:5      | HP: 1/67 [killer bee (2)]
  6214 | D:5      | Slain by a killer bee

Vault maps used:
D:1:      scummos_arrival_checkerplants
D:2:      cheibrodos_fertilizer, grunt_gozag_breadcrumbs, uniq_sigmund,
          uniq_robin
D:3:      cheibriados_altar_1, kennysheep_ying_yang, small_statue_intersection
D:4:      kennysheep_big_flooded_room, kennysheep_mini, first_ration,
          gup_ossuary_entry_pyramid, solitary_fountain, uniq_pikel
D:5:      fedhas_bush_and_centaur_altar, uniq_menkaure, uniq_duvessa

Skill      XL: |  1  2  3  4  5  6  7  8  9 |
---------------+----------------------------+-----
Dodging        | 1 2 3 |  3.2
Polearms       | 2 3 5 |  5.6
Shields        | 4 5 |  5.6
Armour         | 4 5 |  5.1
Fighting       | 4 |  4.8
Maces & Flails | 3 |  3.7
Stealth        | 1 |  1.0

Action                   |  1- 3 |  4- 6 |  7- 9 || total
-------------------------+-------+-------+-------++-------
Melee: Flail             |    91 |       |       ||    91
       Spear             |    25 |   135 |   149 ||   309
       Whip              |       |       |   227 ||   227
  Use: Potion            |     1 |       |     1 ||     2
       Scroll            |       |       |     6 ||     6
  Eat: Chunk             |     1 |     5 |     8 ||    14
       Ration            |       |       |     1 ||     1
Armor: Scale mail        |    65 |    33 |   103 ||   201
Dodge: Dodged            |    61 |    32 |   104 ||   197
Block: Shield            |    87 |    51 |   157 ||   295

Table legend:
 A = Spawn XP
 B = Non-spawn XP
 C = Spawn XP percentage of total XP
 D = Spawn monster count
 E = Non-spawn monster count
 F = Spawn count percentage of total count
 G = Total turns spent on level
                    A         B        C        D         E        F      G
               +---------+---------+-------+---------+---------+-------+---------
         Total |       0 |    2162 |   0.0 |       0 |     138 |   0.0 |  6214
               +---------+---------+-------+---------+---------+-------+---------
           D:1 |       0 |      80 |   0.0 |       0 |      31 |   0.0 |  1865
           D:2 |       0 |     566 |   0.0 |       0 |      57 |   0.0 |  1636
           D:3 |       0 |     731 |   0.0 |       0 |      18 |   0.0 |   947
           D:4 |       0 |     478 |   0.0 |       0 |      25 |   0.0 |   924
           D:5 |       0 |     307 |   0.0 |       0 |       7 |   0.0 |   842
               +---------+---------+-------+---------+---------+-------+---------
